 Dungeon Crawl Stone Soup version 0.32-a0-673-g3729bd50f8 (webtiles) character file.

Game seed: 7626977705602385399

274290 pisaster the Warrior (level 20, -15/164 (174) HPs)
             Began as a Coglin Delver on Mar 11, 2024.
             Was the Champion of Yredelemnul.
             Killed from afar by a Tzitzimitl (40 damage)
             ... with a bolt of negative energy
             ... summoned by a deep elf demonologist
             ... on level 3 of the Elven Halls.
             The game lasted 02:35:12 (43150 turns).

pisaster the Warrior (Coglin Delver)               Turns: 43150, Time: 02:35:12

HP:   -15/164 (174) AC: 24    Str: 15    XL:     20   Next: 31%
MP:   30/30         EV: 19    Int:  4    God:    Yredelemnul [******]
Gold: 2846          SH:  0    Dex: 23    Spells: 19/19 levels left

rFire   . . .        n - +5 scimitar (flame) {Kannika}
rCold   + + +        q - +2 scimitar (elec) {Leticia}
rNeg    . . .        S - +2 scale mail {Will+}
rPois   +            K - +4 hat of Baecifau {rPois rF- rC+++ Int-5}
rElec   .            l - +0 cloak
rCorr   .            w - +2 pair of gloves
SInv    .            N - +1 pair of boots {rampage}
Will    ++...        (amulet unavailable)
Stlth   +++          (ring unavailable)
HPRegen 0.47/turn    (ring unavailable)
MPRegen 0.22/turn    b - neoramjet Mk.05 {rF+ Slay+3 Clar RMsl}

%: repel missiles, clarity, rampage
@: wreathed by umbra, drained
A: off-hand wielding, slow wielding, warmup strikes, no jewellery
}: 2/15 runes: decaying, serpentine
a: Renounce Religion, Light the Black Torch, Recall Undead Harvest, Hurl
Torchlight, Bind Soul, Fathomless Shackles


You were on level 3 of the Elven Halls.
You worshipped Yredelemnul.
Yredelemnul was pleased with you.
You visited 7 branches of the dungeon, and saw 34 of its levels.
You also visited: Gauntlet and Ice Cave.

You collected 3684 gold pieces.
You spent 838 gold pieces at shops.

Inventory:

Hand Weapons
 n - a +5 scimitar of flaming (weapon) {Kannika}
 q - a +2 scimitar of electrocution (offhand) {Leticia}
 s - the +6 long sword "Xusyleu" {freeze, +Blink rC+ rCorr Int+3}
   (You took it off a kobold demonologist on level 14 of the Dungeon)

   Int+3:     It affects your intelligence (+3).
   rC+:       It protects you from cold.
   +Blink:    It lets you blink.
   rCorr:     It protects you from acid and corrosion.
 H - the +2 short sword "Jesuc" {chaos, +Blink rC+ Will- Dex+7}
   (You found it in a Gauntlet)

   Dex+7:     It affects your dexterity (+7).
   rC+:       It protects you from cold.
   Will-:     It decreases your willpower.
   +Blink:    It lets you blink.
 P - a +2 short sword of speed
 W - a +3 scimitar of flaming {Audrea}
Missiles
 i - 5 curare-tipped darts (quivered)
 O - 4 throwing nets
Armour
 l - a +0 cloak (worn)
 w - a +2 pair of gloves (worn)
 K - the +4 hat of Baecifau (worn) {rPois rF- rC+++ Int-5}
   (You found it in a Gauntlet)

   Int-5:     It affects your intelligence (-5).
   rF-:       It makes you vulnerable to fire.
   rC+++:     It renders you almost immune to cold.
   rPois:     It protects you from poison.
 M - +0 ice dragon scales
 N - a +1 pair of boots of rampaging (worn)
 Q - a +2 pair of boots
 S - a +2 scale mail of willpower (worn)
 X - a +0 pair of gloves of strength
Gizmo
 b - a neoramjet Mk.05 (installed) {rF+ Slay+3 Clar RMsl}
   (You invented it yourself on level 5 of the Lair of Beasts)

   [neoramjet Mk.05]

   Slay+3:    It affects your accuracy & damage with ranged weapons and melee
   (+3).
   rF+:       It protects you from fire.
   Clar:      It protects you from confusion, rage, mesmerisation and fear.
   RMsl:      It protects you from missiles.
Wands
 a - a wand of quicksilver (14)
 g - a wand of digging (8)
 y - a wand of roots (6)
 J - a wand of charming (28)
 L - a wand of flame (57)
 T - a wand of mindburst (9)
Scrolls
 c - 4 scrolls of fog
 e - 2 scrolls of butterflies
 k - 7 scrolls of enchant weapon
 v - 7 scrolls of blinking
 x - 3 scrolls of fear
 A - 7 scrolls of vulnerability
 B - 7 scrolls of noise
 C - 4 scrolls of revelation
 F - 2 scrolls of enchant armour
 G - 4 scrolls of immolation
 I - 7 scrolls of teleportation
 Y - 9 scrolls of identify
Potions
 f - 8 potions of haste
 h - a potion of ambrosia
 j - 5 potions of might
 m - 3 potions of attraction
 o - 6 potions of lignification
 p - 10 potions of curing
 r - a potion of magic
 t - 2 potions of enlightenment
 u - a potion of berserk rage
 z - 4 potions of cancellation
 D - 9 potions of mutation
 E - 2 potions of resistance
 R - 4 potions of heal wounds
 U - a potion of invisibility
Miscellaneous
 d - a phial of floods
 V - a phantom mirror
 Z - a condenser vane


   Skills:
 + Level 19.3 Fighting
 - Level 5.9(9.9) Short Blades
 - Level 13.4(14.0) Long Blades
 - Level 15.6 Armour
 * Level 13.6 Dodging
 - Level 4.1 Stealth
 - Level 14.0 Invocations
 - Level 5.0 Evocations


You had 19 spell levels left.
You didn't know any spells.
Your spell library contained the following spells:

 Spells                   Type           Power      Damage    Failure   Level
 Magic Dart               Conj           0%         1d3       82%         1
 Slow                     Hex            0%         N/A       82%         1
 Sting                    Conj/Alch      0%         1d3       82%         1
 Mercury Vapours          Alch/Air       0%         N/A       91%         2
 Scorch                   Fire           0%         2d5       91%         2
 Searing Ray              Conj           0%         2d4       91%         2
 Static Discharge         Conj/Air       0%         3-3/arc   91%         2
 Call Canine Familiar     Summ           0%         N/A       99%         3
 Confusing Touch          Hex            0%         N/A       99%         3
 Hailstorm                Conj/Ice       0%         3d5       99%         3
 Sigil of Binding         Hex            0%         N/A       99%         3
 Summon Ice Beast         Ice/Summ       0%         N/A       99%         3
 Vampiric Draining        Necr           0%         2d6       99%         3
 Airstrike                Air            0%         2d(0-16)  100%        4
 Animate Armour           Summ/Erth      0%         N/A       100%        4
 Cause Fear               Hex            0%         N/A       100%        4
 Dimensional Bullseye     Hex/Tloc       0%         N/A       100%        4
 Flame Wave               Conj/Fire      0%         2d4       100%        4
 Fulminant Prism          Conj/Alch      0%         3d5       100%        4
 Olgreb's Toxic Radiance  Alch           0%         N/A       100%        4
 Summon Lightning Spire   Summ/Air       0%         N/A       100%        4
 Fireball                 Conj/Fire      0%         3d3       100%        5
 Iskenderun's Battlesphe  Conj           0%         2d6       100%        5
 Lee's Rapid Deconstruct  Erth           0%         3d4*      100%        5
 Summon Forest            Summ/Tloc      0%         N/A       100%        5
 Summon Mana Viper        Hex/Summ       0%         N/A       100%        5
 Bombard                  Conj/Erth      0%         9d1       100%        6
 Conjure Ball Lightning   Conj/Air       0%         3x3d6     100%        6
 Sculpt Simulacrum        Ice/Alch       0%         N/A       100%        6
 Summon Cactus Giant      Summ           0%         N/A       100%        6
 Spellforged Servitor     Conj/Summ      0%         N/A       100%        7
 Discord                  Hex            0%         N/A       100%        8
 Disjunction              Tloc           0%         N/A       100%        8
 Dragon's Call            Summ           0%         N/A       100%        9


Dungeon Overview and Level Annotations

Branches:
Dungeon (15/15)            Temple (1/1) D:5            Lair (5/5) D:8
  Swamp (4/4) Lair:2        Snake (4/4) Lair:2        Slime (0/5) Lair:4
    Orc (2/2) D:12            Elf (3/3) Orc:2        Vaults (0/5) D:13
 Depths (0/4) D:15          IceCv (visited)         Gauntlet (visited)

Altars:
Ashenzari
Cheibriados
Dithmenos
Elyvilon
Fedhas
Gozag
Hepliaklqana
Kikubaaqudgha
Makhleb
Nemelex Xobeh
Okawaru
Qazlal
Ru
Sif Muna
Trog
Uskayaw
Vehumet
Wu Jian
Xom
Yredelemnul
Zin
The Shining One
Beogh
Jiyva

Shops:
D:4 (   D:11 [   D:12 (!   Orc:2 [*([   Elf:1 ?   Elf:2 **:   Snake:3 (*
Snake:4 ((!*

Annotations:
Lair:3 1 runed translucent door, Sitazake's ghost, journeyman TrWr
Lair:5 exclusion: obsidian statue
Elf:1 fly vault


Innate Abilities, Weirdness & Mutations

You can wield a second weapon in your off-hand.
It takes a long time for you to wield or remove held weapons.
Your first few attacks do less damage.
You cannot equip rings or amulets.


Message History

Your deep elf elementalist zombie is engulfed in freezing vapours.
Your deep elf annihilator zombie is engulfed in freezing vapours.
Your deep elf archer zombie is engulfed in freezing vapours.
Your deep elf high priest zombie is engulfed in freezing vapours.
Your deep elf zephyrmancer zombie is engulfed in freezing vapours.
Your deep elf zephyrmancer zombie is destroyed!
The deep elf elementalist is engulfed in freezing vapours.
The deep elf elementalist dies!
You swap places.
You are engulfed in freezing vapours.
You resist.
Your deep elf sorcerer zombie is engulfed in freezing vapours.
Your deep elf annihilator zombie is engulfed in freezing vapours.
Your deep elf elementalist zombie is engulfed in freezing vapours.
Your deep elf annihilator zombie is engulfed in freezing vapours.
Your deep elf archer zombie is engulfed in freezing vapours.
Your deep elf high priest zombie is engulfed in freezing vapours.
You swap places.
Your deep elf elementalist zombie is engulfed in freezing vapours.
Your deep elf sorcerer zombie is engulfed in freezing vapours.
Your deep elf annihilator zombie is engulfed in freezing vapours.
Your deep elf elementalist zombie is engulfed in freezing vapours.
Your deep elf annihilator zombie is engulfed in freezing vapours.
Your deep elf archer zombie is engulfed in freezing vapours.
Your deep elf high priest zombie is engulfed in freezing vapours.
Your deep elf elementalist zombie is engulfed in freezing vapours.
Your deep elf sorcerer zombie is engulfed in freezing vapours.
Your deep elf annihilator zombie is engulfed in freezing vapours.
Your deep elf elementalist zombie is engulfed in freezing vapours.
Your deep elf annihilator zombie is engulfed in freezing vapours.
Your deep elf archer zombie is engulfed in freezing vapours.
Your deep elf high priest zombie is engulfed in freezing vapours.
Your deep elf annihilator zombie is engulfed in freezing vapours.
Your deep elf elementalist zombie is engulfed in freezing vapours.
Your deep elf annihilator zombie is engulfed in freezing vapours.
Your deep elf high priest zombie is engulfed in freezing vapours.
A deep elf elementalist comes into view.
It is wielding a +0 dagger.
The deep elf elementalist shouts!
Your deep elf annihilator zombie is engulfed in freezing vapours.
The deep elf elementalist moves out of view.
You swap places.
You swap places.
Unknown command.
You swap places.
Something hits your deep elf archer zombie!
The Tzitzimitl engulfs your deep elf archer zombie!!
The Tzitzimitl drains your deep elf archer zombie's vigour!
Your deep elf archer zombie seems to slow down.
The Tzitzimitl bites your deep elf archer zombie!
You see here a +0 long sword of holy wrath.
Unknown command.
Your deep elf archer zombie closely misses the Tzitzimitl.
A deep elf demonologist comes into view.
It is wielding a +0 rapier.
Something hits your deep elf archer zombie.
The Tzitzimitl calls on the powers of darkness!
The deep elf demonologist convulses!
Your body is wracked with pain!
* * * LOW HITPOINT WARNING * * *
You swap places.
The Tzitzimitl calls on the powers of darkness!
Your body is wracked with pain!
* * * LOW HITPOINT WARNING * * *
Something hits your deep elf archer zombie!
The Tzitzimitl misses your deep elf archer zombie.
The Tzitzimitl closely misses your deep elf archer zombie.
Something hits your deep elf archer zombie.
The Tzitzimitl engulfs your deep elf archer zombie.
The Tzitzimitl drains your deep elf archer zombie's vigour!
Your deep elf archer zombie seems to slow down.
The Tzitzimitl bites your deep elf archer zombie!
Your deep elf archer zombie is destroyed!
What are your orders? t - Shout!
Orders for allies: a - Attack new target. r - Retreat! s - Stop attacking. g - Guard the area. f - Follow me.
Anything else - Cancel.
Gang up on whom?
Press: ? - help, Dir - move target, f - deep elf elementalist
Aim: a deep elf elementalist, wielding a +0 dagger and wearing a +0 leather armour (severely wounded, repelling missiles, umbra) Attack!
The deep elf elementalist mumbles some strange words.
The deep elf elementalist seems to speed up.
Something hits your deep elf elementalist zombie!
The Tzitzimitl closely misses your deep elf elementalist zombie.
The Tzitzimitl bites your deep elf elementalist zombie.
The deep elf elementalist completely misses your deep elf elementalist zombie.
Your deep elf elementalist zombie closely misses the Tzitzimitl.
The Tzitzimitl engulfs your deep elf elementalist zombie!
The Tzitzimitl drains your deep elf elementalist zombie's vigour!
Your deep elf elementalist zombie seems to slow down.
The Tzitzimitl bites your deep elf elementalist zombie!!
The deep elf elementalist barely misses your deep elf elementalist zombie.
The deep elf elementalist hits your deep elf elementalist zombie with a +0 dagger!
Your deep elf elementalist zombie hits the Tzitzimitl!
The Tzitzimitl gestures at you.
The bolt of negative energy hits your deep elf elementalist zombie.
Your deep elf elementalist zombie completely resists.
The bolt of negative energy hits your deep elf high priest zombie.
Your deep elf high priest zombie completely resists.
The bolt of negative energy hits you!!!
You feel drained.
You die...
Your body rises from the dead as a mindless zombie.

*,,...# *,,...*
#################)##############
#......#........).'.....'.......
#......#....e.....#.....#.Z.....
#......'....e1)ZZ.#.....#Z......
#'###########Z#####)#######'####
#..Z........ZZZZ................
#.........)..Z.@................
################################
#≈≈≈≈≈≈≈≈≈≈≈≈≈≈≈≈≈≈≈≈≈≈≈≈≈≈≈≈≈≈≈
#~~~~≈~~~~~~~~~≈~~≈~~≈≈~~~≈~≈~~~
#...............................
#...............................
#...............................
#...............................
###############.#####.#######.##


You could see a Tzitzimitl (summoned, ally target), a deep elf elementalist
(fast, repels missiles, ally target), a deep elf demonologist, a friendly deep
elf high priest zombie, 2 friendly deep elf annihilator zombies, a friendly deep
elf sorcerer zombie and 2 friendly deep elf elementalist zombies.

Vanquished Creatures
  the Lernaean hydra (Swamp:4)
  A tentacled monstrosity (Swamp:4)
  Rupert (Lair:5)
  Jorgrun (D:14)
  A deep elf blademaster (Elf:2)
  A thorn hunter (Swamp:3)
  Agnes (D:14)
  3 fenstrider witches
  4 nagarajas
  A deep elf sorcerer (Elf:3)
  Louise (D:15)
  An orc warlord (Orc:2)
  4 deep elf elementalists (Elf:3)
  3 deep elf demonologists
  A deep elf death mage (Elf:2)
  The ghost of 910rd the Mimic, a journeyman DrSh of Yredelemnul (Lair:5)
  2 dire elephants (Lair:5)
  2 eleionomae
  4 bunyips
  2 deep elf annihilators (Elf:3)
  Azrael (Elf:2)
  An ettin (Orc:2)
  2 deep elf high priests (Elf:3)
  13 hydras
  2 salamander tyrants
  A spriggan air mage (Swamp:2)
  Harold (D:11)
  3 vault guards (D:13)
  An ice dragon (IceCv)
  2 ghost crabs
  2 two-headed ogres (D:9)
  2 alligators
  12 anacondas
  22 dancing weapons
  5 boulder beetles
  5 death yaks (Lair:5)
  8 centaur warriors
  A catoblepas (D:13)
  5 naga sharpshooters
  9 naga warriors
  A deep troll earth mage (D:15)
  2 tengu warriors
  4 orc high priests (Orc:2)
  5 shock serpents
  14 deep elf knights
  Sonja (Lair:4)
  3 salamander mystics
  A skeletal warrior (D:14)
  9 mana vipers
  2 goliath frogs (Swamp:1)
  A spectral death yak (Lair:5)
  6 sea snakes
  A spriggan rider (Swamp:1)
  3 naga ritualists
  A spriggan druid (Swamp:4)
  5 swamp dragons
  10 deep elf archers
  2 thermic dynamos
  5 orc knights
  21 deep elf pyromancers
  A phantasmal warrior (D:14)
  9 ugly things
  3 bog bodies
  16 deep elf zephyrmancers
  4 necromancers (Lair:5)
  6 orc sorcerers
  A wolf spider (D:15)
  14 salamanders
  6 cyclopes
  2 manticores
  11 naga magi
  21 elephants
  8 guardian serpents
  2 ice statues (IceCv)
  4 kobold blastminers (Orc:2)
  29 black mambas
  A cane toad (shapeshifter) (D:14)
  12 cane toads
  A komodo dragon (shapeshifter) (D:13)
  4 rime drakes
  An unseen horror (D:13)
  2 efreet
  3 kobold demonologists (D:14)
  15 komodo dragons
  3 freezing wraiths (D:14)
  2 tengu conjurers
  7 trolls
  2 queen bees (shapeshifter) (D:14)
  2 polar bears
  A polar bear (shapeshifter) (Elf:2)
  8 tyrant leeches
  6 blink frogs
  6 slime creatures
  A centaur simulacrum (D:14)
  2 spriggans (Swamp:3)
  A black mamba zombie (Lair:2)
  A dire elephant simulacrum (Lair:5)
  A water elemental (D:14)
  6 wraiths
  5 wyverns
  2 shadows
  3 basilisks
  12 yaks
  A fire bat (shapeshifter) (D:15)
  A human (shapeshifter) (D:13)
  6 wargs
  5 fire elementals
  3 steam dragons
  12 vampire mosquitoes
  10 swamp worms
  38 nagas
  7 water moccasins
  2 cane toad zombies (Lair:2)
  4 hell hounds
  6 swamp drakes
  A sky beast (D:8)
  2 black bears
  52 orc warriors
  11 ogres
  A tengu (shapeshifter) (D:15)
  A centaur (shapeshifter) (D:14)
  8 centaurs
  9 wolves
  An elephant skeleton (Lair:5)
  4 kobold brigands
  3 gnoll sergeants
  8 bullfrogs
  A wyvern zombie (Lair:2)
  2 earth elementals
  4 scorpions
  5 wights (D:8)
  2 yak zombies (Lair:2)
  An elephant simulacrum (Lair:5)
  2 lindwurm simulacra (IceCv)
  3 killer bees (D:9)
  7 electric eels
  2 howler monkeys
  5 komodo dragon simulacra (IceCv)
  5 jellies
  A bombardier beetle (D:3)
  29 orc priests
  4 hounds
  2 sleepcaps (D:5)
  2 iguanas
  3 hell rats (Lair:3)
  15 orc wizards
  Robin (D:2)
  5 adders
  16 gnolls
  3 acid dragon simulacra (IceCv)
  A white imp (D:5)
  4 steam dragon simulacra (IceCv)
  2 dart slugs
  89 orcs
  8 endoplasms
  11 hobgoblins
  16 jackals
  21 kobolds
  5 quokkas
  5 ball pythons
  11 bats
  2 frilled lizards
  9 goblins
  5 rats
983 creatures vanquished.

Vanquished Creatures (collateral kills)
  4 nagarajas
  A fenstrider witch (Swamp:4)
  An orc warlord (Orc:2)
  A minotaur (Gauntlet)
  An eleionoma (Swamp:2)
  A deep elf annihilator (Elf:3)
  6 hydras
  A vault guard (D:13)
  2 alligators
  2 centaur warriors (D:14)
  An anaconda (Snake:4)
  A salamander tyrant (Snake:2)
  2 dancing weapons (Elf:2)
  A death yak (Lair:5)
  A two-headed ogre (D:12)
  3 boulder beetles
  A tengu warrior (D:15)
  3 naga warriors
  A shock serpent (Snake:3)
  A spectral dire elephant (Lair:5)
  Amaemon (Lair:2)
  2 skysharks
  2 deep elf knights (Elf:2)
  5 sea snakes
  A spectral anaconda (Lair:5)
  A goliath frog (Swamp:3)
  2 spriggan druids (Swamp:1)
  A naga ritualist (Snake:4)
  6 swamp dragons (Swamp:4)
  3 mana vipers (Snake:4)
  A bog body (Swamp:1)
  A thermic dynamo (Elf:2)
  2 deep elf zephyrmancers (Elf:1)
  2 orc knights (Orc:2)
  An orc sorcerer (Orc:2)
  An oklob plant (Lair:1)
  3 will-o-the-wisps
  A cyclops (D:14)
  A manticore (D:14)
  7 salamanders
  13 elephants
  2 kobold blastminers
  3 guardian serpents
  6 black mambas
  An orange demon (Lair:2)
  4 naga magi
  4 cane toads
  4 komodo dragons
  A freezing wraith (D:15)
  2 rime drakes
  4 tyrant leeches
  A bloated husk (Swamp:3)
  4 hornets
  A troll (D:13)
  11 blink frogs
  4 slime creatures
  2 spriggans
  A water elemental (Elf:1)
  2 shadows
  3 wyverns
  8 yaks
  6 basilisks
  A fire elemental (Gauntlet)
  A warg (Orc:2)
  3 vampire mosquitoes
  9 swamp worms
  13 nagas
  2 spectral cane toads (Lair:5)
  4 water moccasins (Lair:5)
  5 swamp drakes
  4 orc warriors
  A black bear (D:7)
  An ice beast (D:6)
  A boggart (D:15)
  A centaur (D:15)
  3 ogres
  6 wolves
  A bullfrog (Lair:2)
  A gnoll sergeant (D:13)
  A scorpion (D:5)
  2 electric eels
  3 orc priests (Orc:2)
  3 komodo dragon simulacra (IceCv)
  A hell rat (Lair:3)
  4 orc wizards
  5 gnolls
  An acid dragon simulacrum (IceCv)
  2 ufetubi (D:6)
  3 steam dragon simulacra (IceCv)
  21 orcs
  A bat (D:1)
  2 endoplasms
  3 goblins
  A hobgoblin (D:1)
  A jackal (D:1)
  2 ball pythons (D:1)
  4 kobolds
  A rat (D:1)
284 creatures vanquished.

Vanquished Creatures (others)
  A deep elf elementalist (Elf:3)
  A naga warrior (Snake:4)
  2 bunyip zombies
  An ugly thing zombie (D:13)
  2 goliath frog zombies
  An eleionoma zombie (Swamp:3)
  A black mamba (Lair:4)
  A spectral efreet (Elf:2)
  6 mana viper zombies
  An unseen horror zombie (D:13)
  A death yak zombie (Lair:5)
  3 sea snake zombies
  A swamp worm zombie (Swamp:1)
  A rime drake (IceCv)
  2 hydra zombies
  2 human zombies (D:13)
  6 bloated husks
  2 blink frogs (Lair:4)
  12 black mamba zombies
  2 guardian serpent zombies (Snake:2)
  A boulder beetle zombie (Lair:2)
  A spriggan (Swamp:1)
  6 slime creature zombies
  5 spriggan zombies
  2 tyrant leech zombies
  A swamp worm (Swamp:2)
  5 cane toad zombies
  A fire bat zombie (D:15)
  A hell hound (Elf:2)
  A manticore zombie (D:14)
  10 elephant zombies
  3 hornet zombies (Swamp:3)
  4 blink frog zombies (Lair:4)
  24 elf zombies
  2 swamp dragon zombies
  3 rime drake zombies (IceCv)
  A kobold brigand (D:14)
  A komodo dragon zombie (Lair:3)
  2 salamander zombies (Snake:4)
  A wyvern zombie (Lair:5)
  A cyclops zombie (D:14)
  5 water moccasin zombies
  4 yak zombies
  2 troll zombies
  A polar bear zombie (Elf:2)
  4 wolf zombies
  2 bullfrog zombies
  10 centaur zombies
  3 basilisk zombies
  3 ogre zombies
  17 naga zombies
  2 hound zombies
  A howler monkey zombie (D:9)
  5 swamp drake zombies
  An iguana zombie (D:6)
  55 orc zombies
  3 adder zombies
  3 jelly zombies (Lair:4)
  An orc (Orc:2)
  2 bat zombies (Lair:4)
  3 gnoll zombies
  5 endoplasm zombies
  A goblin zombie (D:2)
  2 hobgoblin zombies
  2 jackal zombies (D:2)
  10 kobold zombies
  2 spectral ufetubi (D:6)
  5 foxfires
279 creatures vanquished.

Grand Total: 1546 creatures vanquished

Notes
Turn   | Place    | Note
-------+----------+-------------------------------------------
     0 | D:5      | pisaster the Coglin Delver began the quest for the Orb.
     0 | D:5      | Reached XP level 1. HP: 18/18 MP: 1/1
     6 | Temple   | Entered the Ecumenical Temple
    15 | Temple   | Became a worshipper of Yredelemnul the Fallen
    56 | D:5      | Noticed an iguana
    87 | D:5      | Noticed an ogre
    91 | D:5      | Noticed a scorpion
    99 | D:4      | Found Aluecaj's Weapon Emporium.
   122 | D:3      | Found a faded altar of an unknown god.
   295 | D:2      | Reached XP level 2. HP: 24/24 MP: 2/2
   342 | D:2      | Noticed Robin
   351 | D:2      | Reached XP level 3. HP: 20/29 MP: 3/3
   365 | D:2      | Killed Robin
   368 | D:2      | Reached * piety under Yredelemnul
   741 | D:2      | Reached XP level 4. HP: 37/37 MP: 4/4
  1064 | D:1      | Reached ** piety under Yredelemnul
  1199 | D:1      | Reached skill level 4 in Fighting
  1386 | D:1      | Reached XP level 5. HP: 38/42 MP: 5/5
  1602 | D:3      | Noticed an ogre
  1623 | D:3      | Killed an ogre
  1807 | D:3      | Reached skill level 5 in Long Blades
  1807 | D:3      | Reached XP level 6. HP: 49/49 MP: 6/6
  1810 | D:3      | Found a burning altar of Makhleb.
  2373 | D:4      | Found a stormy altar of Qazlal.
  2515 | D:4      | Reached *** piety under Yredelemnul
  2596 | D:4      | Found a snail-covered altar of Cheibriados.
  2707 | D:4      | Reached skill level 5 in Fighting
  2710 | D:4      | Reached XP level 7. HP: 50/56 MP: 7/7
  2710 | D:4      | Found an iron altar of Okawaru.
  2915 | D:4      | Bought a +0 scimitar for 44 gold pieces
  3003 | D:5      | Found a broken altar of Ashenzari.
  3158 | D:5      | Reached XP level 8. HP: 52/64 MP: 8/8
  3246 | D:5      | Reached skill level 6 in Fighting
  3246 | D:5      | Reached skill level 1 in Invocations
  3250 | D:5      | Found a sparkling altar of Nemelex Xobeh.
  3326 | D:5      | Found an ornate altar of the Wu Jian Council.
  3333 | D:5      | Noticed a spectral centipede
  3333 | D:5      | Noticed a spectral black mamba
  3355 | D:5      | Found a shadowy altar of Dithmenos.
  3686 | D:6      | Reached **** piety under Yredelemnul
  3921 | D:6      | Found a hazy altar of Hepliaklqana.
  4059 | D:6      | Identified the +10 dagger of Bread {vamp, Str+4}
  4094 | D:6      | Reached XP level 9. HP: 68/71 MP: 10/10
  4109 | D:6      | Reached skill level 1 in Short Blades
  4425 | D:7      | Reached skill level 7 in Fighting
  4524 | D:7      | Found a blossoming altar of Fedhas.
  4755 | D:7      | Found a shimmering blue altar of Sif Muna.
  5098 | D:8      | Found a hide-covered altar of Uskayaw.
  5098 | D:8      | Found an ancient bone altar of Kikubaaqudgha.
  5100 | D:8      | Found a white marble altar of Elyvilon.
  5118 | D:8      | Found a glowing silver altar of Zin.
  5137 | D:8      | Reached skill level 5 in Short Blades
  5586 | D:8      | Noticed a komodo dragon
  5592 | D:8      | Killed a komodo dragon
  5593 | D:8      | Reached XP level 10. HP: 54/79 MP: 3/12
  5868 | D:8      | Reached skill level 8 in Fighting
  5868 | D:8      | Reached skill level 10 in Long Blades
  5962 | D:8      | Found a staircase to the Lair.
  6631 | D:9      | Reached skill level 1 in Evocations
  7045 | D:9      | Noticed a two-headed ogre
  7065 | D:9      | Killed a two-headed ogre
  7144 | D:9      | Found a shimmering altar of Xom.
  7145 | D:9      | Found a shimmering altar of Xom.
  7146 | D:9      | Found a shimmering altar of Xom.
  7146 | D:9      | Found a shimmering altar of Xom.
  7154 | D:9      | Found a shimmering altar of Xom.
  7154 | D:9      | Found a shimmering altar of Xom.
  7209 | D:9      | Reached ***** piety under Yredelemnul
  7240 | D:9      | Noticed a two-headed ogre
  7780 | D:10     | Entered Level 10 of the Dungeon
  7897 | D:10     | Identified the +9 mace of Agony {freeze, *Rage rElec rF+
                  | Int+5}
  8268 | D:10     | Reached XP level 11. HP: 68/87 MP: 13/13
  8349 | D:10     | Reached skill level 9 in Fighting
  8351 | D:10     | Found a burning altar of Makhleb.
  8456 | D:10     | Identified the +7 trident "Gaudo" {flame, Str+3 Int+3}
  8599 | D:11     | Reached skill level 5 in Evocations
  8647 | D:11     | Found Pacw's Antique Armour Shoppe.
  8655 | D:11     | Bought a pair of boots for 90 gold pieces
  8906 | D:11     | Noticed Harold
  8916 | D:11     | Killed Harold
  9055 | D:11     | Noticed a manticore
  9068 | D:11     | Killed a manticore
  9456 | D:11     | Noticed a boulder beetle
  9467 | D:11     | Killed a boulder beetle
  9833 | Lair:1   | Entered Level 1 of the Lair of Beasts
  9833 | Lair:1   | Noticed an oklob plant
  9853 | Lair:1   | Reached skill level 10 in Fighting
 10044 | Lair:1   | Reached XP level 12. HP: 84/99 MP: 0/14
 10182 | Lair:1   | Reached skill level 11 in Fighting
 10182 | Lair:1   | Reached skill level 1 in Armour
 10825 | Lair:2   | Found a snail-covered altar of Cheibriados.
 10852 | Lair:2   | Noticed a boulder beetle
 10862 | Lair:2   | Killed a boulder beetle
 10964 | Lair:2   | Noticed a six-headed hydra
 11150 | Lair:2   | Reached skill level 5 in Armour
 11413 | Lair:2   | Found a staircase to the Swamp.
 11463 | Lair:2   | Found a staircase to the Snake Pit.
 11561 | Lair:2   | Noticed Amaemon
 11574 | Lair:2   | Killed Amaemon
 11574 | Lair:2   | Reached ****** piety under Yredelemnul
 11576 | Lair:2   | Killed a six-headed hydra
 11577 | Lair:2   | Reached skill level 12 in Fighting
 12772 | Lair:3   | Found a frozen archway.
 12786 | IceCv    | Entered an ice cave
 13170 | IceCv    | Reached XP level 13. HP: 107/109 MP: 8/15
 13413 | IceCv    | Got the Handbook of the Crevasse
 13614 | IceCv    | Noticed an ice dragon
 14158 | IceCv    | Identified the ring "Fasuxtupt" {rF+ MP+9 Str+2 Int+6}
 14162 | IceCv    | Identified the ring "Yffelezo" {rC- Int+3 Dex+6 Slay+5}
 14242 | IceCv    | Killed an ice dragon
 14954 | Lair:3   | Found a runed translucent door.
 14954 | Lair:3   | Noticed Sitazake's ghost (journeyman TrWr)
 15069 | Lair:3   | Identified the +1 flail of Defilement {spect, rPois Int+2}
 15143 | Lair:3   | Reached skill level 13 in Fighting
 15975 | Lair:4   | Noticed Sonja
 15985 | Lair:4   | Killed Sonja
 16005 | Lair:4   | Your ally Sonja died
 16012 | Lair:4   | Found a staircase to the Slime Pits.
 16013 | Lair:4   | Found a viscous altar of Jiyva.
 16970 | Lair:4   | Reached skill level 5 in Dodging
 17692 | Lair:5   | Entered Level 5 of the Lair of Beasts
 17759 | Lair:5   | Reached XP level 14. HP: 119/119 MP: 16/16
 17759 | Lair:5   | Acquired a neoramjet Mk.05 {rF+ Slay+3 Clar RMsl}
 17818 | Lair:5   | Noticed Rupert
 17821 | Lair:5   | Reached skill level 14 in Fighting
 17844 | Lair:5   | Killed Rupert
 18238 | Lair:5   | Found a runed translucent gate.
 18239 | Lair:5   | Found a runed translucent gate.
 18240 | Lair:5   | Found a runed translucent gate.
 18241 | Lair:5   | Noticed 910rd's ghost (journeyman DrSh)
 18653 | Lair:5   | Noticed a dire elephant
 18654 | Lair:5   | Noticed a dire elephant
 18672 | Lair:5   | Killed a dire elephant
 19047 | Lair:5   | Reached skill level 5 in Invocations
 19229 | Lair:5   | Reached skill level 15 in Fighting
 19240 | Lair:5   | Killed a dire elephant
 19248 | Lair:5   | Reached XP level 15. HP: 71/129 MP: 15/19
 19541 | Lair:5   | Killed 910rd's ghost
 20107 | D:12     | Found Fuhoth's Distillery.
 20169 | D:12     | Found a staircase to the Orcish Mines.
 20169 | D:12     | Found Esivvef's Weapon Boutique.
 20661 | Orc:1    | Entered Level 1 of the Orcish Mines
 20661 | Orc:1    | Found a roughly hewn altar of Beogh.
 21067 | Orc:2    | Entered Level 2 of the Orcish Mines
 21658 | Orc:2    | Found a staircase to the Elven Halls.
 21937 | Orc:2    | Found Adoy's Weapon Boutique.
 21963 | Orc:2    | Found a roughly hewn altar of Beogh.
 21985 | Orc:2    | Noticed an orc warlord
 22072 | Orc:2    | Killed an orc warlord
 22472 | Orc:2    | Found Kayconig's Armour Shop.
 22931 | Orc:2    | Noticed an orc warlord
 22970 | Orc:2    | Killed an orc warlord
 23081 | Orc:2    | Reached skill level 10 in Invocations
 23191 | Orc:2    | Found a roughly hewn altar of Beogh.
 23211 | Orc:2    | Found Lynkiblo's Armour Boutique.
 23238 | Orc:2    | Found Noxus's General Store.
 23246 | Orc:2    | Bought 3 scrolls of noise for 39 gold pieces
 23246 | Orc:2    | Bought a scroll of identify for 26 gold pieces
 23246 | Orc:2    | Bought 2 potions of might for 104 gold pieces
 23246 | Orc:2    | Bought a potion of enlightenment for 65 gold pieces
 23558 | D:13     | Found a gate to the Vaults.
 23620 | D:13     | Reached XP level 16. HP: 81/136 MP: 24/24
 24108 | D:14     | Found a hide-covered altar of Uskayaw.
 24130 | D:14     | Noticed Agnes
 24137 | D:14     | Killed Agnes
 24732 | D:14     | Noticed Jorgrun
 24805 | D:14     | Killed Jorgrun
 25032 | D:14     | Identified the +6 long sword "Xusyleu" {freeze, +Blink rC+
                  | rCorr Int+3}
 25068 | D:14     | Identified the ring of Pehyig {Fly Will+ rCorr MP-9}
 25737 | D:15     | Entered Level 15 of the Dungeon
 25781 | D:15     | Found a gate leading to a gauntlet.
 25790 | Gauntlet | Entered a Gauntlet
 25790 | Gauntlet | Found a transporter.
 25790 | Gauntlet | Found a transporter.
 25792 | Gauntlet | Found a transporter.
 25793 | Gauntlet | Found a transporter.
 25795 | Gauntlet | Found a transporter.
 25808 | Gauntlet | Found a transporter.
 25820 | Gauntlet | Found a transporter.
 25838 | Gauntlet | Found a transporter.
 25841 | Gauntlet | Found a transporter.
 25841 | Gauntlet | Found a transporter.
 25856 | Gauntlet | Found a transporter.
 25871 | Gauntlet | Found a transporter.
 25881 | Gauntlet | Found a transporter.
 25895 | Gauntlet | Found a transporter.
 25963 | Gauntlet | Identified the +4 hat of Baecifau {rPois rF- rC+++ Int-5}
 25995 | Gauntlet | Reached skill level 10 in Dodging
 26196 | Gauntlet | Identified the +5 arbalest of Qeboy {heavy, ^Contam +Blink
                  | Str+6 SInv}
 26205 | Gauntlet | Identified the +2 short sword "Jesuc" {chaos, +Blink rC+
                  | Will- Dex+7}
 26603 | D:15     | Noticed Louise
 26622 | D:15     | Killed Louise
 26834 | D:15     | Found a staircase to the Depths.
 27382 | Swamp:1  | Entered Level 1 of the Swamp
 27402 | Swamp:1  | Reached XP level 17. HP: 27/144 MP: 21/26
 27725 | Swamp:1  | Reached skill level 16 in Fighting
 28284 | Swamp:2  | Identified the +0 dagger "Kyryofin" {venom, rN+ Will-
                  | Dex+3}
 28439 | Swamp:2  | Reached skill level 10 in Armour
 29541 | Swamp:4  | Entered Level 4 of the Swamp
 30072 | Swamp:4  | Noticed a tentacled monstrosity
 30081 | Swamp:4  | Killed a tentacled monstrosity
 30433 | Swamp:4  | Found a runed translucent door.
 30669 | Swamp:4  | Noticed the 27-headed Lernaean hydra
 30674 | Swamp:4  | Killed the 27-headed Lernaean hydra
 30762 | Swamp:4  | Got a decaying rune of Zot
 31323 | Elf:1    | Entered Level 1 of the Elven Halls
 31380 | Elf:1    | Reached XP level 18. HP: 82/153 MP: 28/28
 31805 | Elf:1    | Found Wuqaf's Magic Scroll Shoppe.
 31811 | Elf:1    | Bought a scroll of butterflies for 68 gold pieces
 32426 | Elf:2    | Identified the +1 robe of the New World {^Contam Int+6
                  | Dex+5}
 32451 | Elf:2    | Reached skill level 17 in Fighting
 32847 | Elf:2    | Found Ehuengyv's Assorted Antiques.
 32854 | Elf:2    | Bought a purple potion for 30 gold pieces
 32884 | Elf:2    | Found Cehel's Book Shop.
 32961 | Elf:2    | Found Gauppal's Assorted Antiques.
 32970 | Elf:2    | Found the dreamshard necklace {Acrobat *Dream}
 33230 | Elf:2    | Found a runed translucent gate.
 33231 | Elf:2    | Found a runed translucent gate.
 33231 | Elf:2    | Found a runed translucent gate.
 33418 | Elf:2    | Noticed a deep elf blademaster
 33429 | Elf:2    | Killed a deep elf blademaster
 33432 | Elf:2    | Noticed Azrael
 33440 | Elf:2    | Killed Azrael
 33832 | Elf:2    | Your ally Azrael died
 34893 | Snake:1  | Entered Level 1 of the Snake Pit
 36281 | Snake:2  | Reached XP level 19. HP: 103/163 MP: 29/29
 36298 | Snake:2  | Reached skill level 18 in Fighting
 36334 | Snake:2  | Reached skill level 15 in Armour
 37782 | Snake:3  | Found a shimmering altar of Xom.
 38034 | Snake:3  | Found Cirir's General Store.
 38038 | Snake:3  | Found Tiwimyzo's Weapon Boutique.
 38049 | Snake:3  | Bought a potion of ambrosia for 152 gold pieces
 38126 | Snake:3  | Bought 2 curare-tipped darts for 40 gold pieces
 38828 | Snake:4  | Entered Level 4 of the Snake Pit
 38997 | Snake:4  | Found Pym Jeakh's Distillery.
 38997 | Snake:4  | Found Vihuita's Weapon Shoppe.
 38998 | Snake:4  | Found Dakhuge's Antique Weapon Shoppe.
 39003 | Snake:4  | Found Sucheese's General Store.
 39071 | Snake:4  | Bought a slimy scimitar for 180 gold pieces
 39071 | Snake:4  | Identified the +7 scimitar of the Demonic God {holy, ^Drain
                  | rPois rF+ Dex+7} (You bought it in a shop on level 4 of the
                  | Snake Pit)
 40205 | Snake:4  | HP: 8/165 [naga ritualist/Olgreb's Toxic Radiance (1)]
 40981 | Snake:4  | Reached XP level 20. HP: 128/172 MP: 30/30
 40984 | Snake:4  | Reached skill level 19 in Fighting
 41279 | Snake:4  | Got a serpentine rune of Zot
 41874 | Elf:3    | Entered Level 3 of the Elven Halls
 41944 | Elf:3    | Found a shimmering blue altar of Sif Muna.
 43092 | Elf:3    | Noticed a Brimstone Fiend
 43142 | Elf:3    | Noticed a Tzitzimitl
 43150 | Elf:3    | Killed from afar by a Tzitzimitl

Illustrated notes

Levels and vault maps discovered:
D:1:      lemuel_arrival_muddy, layout_basic, amcnicky_mini_corridor_feature,
          minmay_pentomino_v4
D:2:      layout_rooms, uniq_robin
D:3:      layout_basic, mainiacjoe_overflow_concentric_impassable,
          ebering_ecumenical_altar_hall
D:4:      layout_rooms, mainiacjoe_overflow_boulevard,
          okawaru_altar_gauntlet_db, grunt_qazlal_clouds, serial_shops,
          nicolae_shop_hallway_stairs
D:5:      layout_cave_pools, mainiacjoe_overflow_six_doors_small,
          nemelex_dance_club_becter, pdpol_wu_jian_five_deadly_venoms,
          nicolae_dithmenos_the_darkroom, minmay_temple_entry_trees
D:6:      layout_rooms, mainiacjoe_overflow_alcove_2, minivault_4,
          nicolae_twisty_statue_hallways
D:7:      layout_basic, mainiacjoe_overflow_chevrons,
          mainiacjoe_overflow_brackets
D:8:      layout_loops_ring, mainiacjoe_overflow_tiny_flanked,
          chequers_temple_overflow_statue_of_worship, erik_lair_dragon
D:9:      layout_irregular_city, xom_shifter_show
D:10:     layout_rooms, david_defended_altar_orc
D:11:     layout_loops_corners, serial_shops, shop, uniq_harold
D:12:     layout_basic, orc_david_3, serial_shops, shop
D:13:     layout_roguey, lightli_vaults_fourway_checkpoint, st_stairs_14
D:14:     minmay_the_grid_net [minmay_the_grid_small_cups,
          minmay_the_grid_zigzag_pyramid, minmay_the_grid_eight,
          minmay_the_grid_mess, minmay_the_grid_x,
          minmay_the_grid_prize_four_corners_diamond_b], layout_rooms,
          serial_bayou, serial_bayou_shore_b, serial_bayou_pond_a,
          serial_bayou_pond_b, serial_bayou_pond_b, serial_bayou_pond_e,
          nicolae_uskayaw_murder_on_the_dancefloor, uniq_jorgrun, uniq_agnes
D:15:     hellmonk_depths_entry_around_the_bend, layout_long_grid,
          gauntlet_entry_generic, uniq_louise
Temple:   hellmonk_temple_flake
Lair:1:   layout_hall_layers, dpeg_stationary_puzzle
Lair:2:   layout_chaotic_city, swamp_mist, guppyfry_snake_entry_garden,
          basic_altar, wad_woods_06, chequers_serial_rivers_marsh,
          chequers_serial_rivers_room_a, uniq_amaemon
Lair:3:   layout_cave_pods, portal_ice_cave_rime, ebering_ghost_inner_flame,
          nicolae_quartered_pool_little, beast_lair_carwin_9,
          serial_bayou_shore_a
Lair:4:   layout_loops_ring, nicolae_slime_entry_slimehenge, roderic_batcave,
          uniq_sonja
Lair:5:   due_jungle_book, layout_small_grid, ebering_ghost_rock_garden,
          uniq_rupert
Swamp:1:  layout_falls_marsh, evilmike_swamp_ruin_house_3
Swamp:2:  layout_falls_marsh, wheals_swamp_sinkhole, cheibrodos_swamp_witchery,
          infiniplex_staircase_pool
Swamp:3:  nicolae_swamp_husk_halls, layout_falls_marsh,
          hangedman_swamp_ruin_wall
Swamp:4:  swamp_old_school, layout_basic_swamp, swamp_pool_1_2,
          nzn_swamp_weyward_sisters
Snake:1:  layout_gridlike, st_stairs_8, nrook_guardian_serpent_ordinary
Snake:2:  layout_basic, hangedman_snake_corridor_cut, grunt_megastairs_4
Snake:3:  layout_grid_shapes, basic_altar, minmay_shop_star
Snake:4:  grunt_snake_rune_pools, layout_cave_town, minmay_shoptagon
Orc:1:    layout_diamond_mine, basic_altar
Orc:2:    pubby_orc_utopia
Elf:1:    eino_elf_arrival_shootout, layout_onion_city, serial_shops, shop,
          evilmike_minifort, minivault_25_ag
Elf:2:    nicolae_elf_blades_crystal_corner, layout_loops_corners, serial_shops,
          shop, nicolae_shop_waterfront, shop, uniq_azrael
Elf:3:    minmay_elf_hall_golems, layout_geoelf_castle, basic_altar

Skill      XL: |  1  2  3  4  5  6  7  8  9 10 11 12 13 14 15 16 17 18 19 20 |
---------------+-------------------------------------------------------------+-----
Long Blades    | 3 4 5 6 7 8 9 11 13 | 13.4
Fighting       | 4 5 6 7 8 10 12 13 15 16 17 18 19 | 19.3
Invocations    | 2 3 5 11 12 13 14 | 14.0
Short Blades   | 5 |  5.9
Evocations     | 4 5 |  5.0
Armour         | 7 9 11 14 15 | 15.6
Dodging        | 5 8 11 12 13 | 13.6
Stealth        | |  4.1

Action                     |  1- 3 |  4- 6 |  7- 9 | 10-12 | 13-15 | 16-18 | 19-21 || total
---------------------------+-------+-------+-------+-------+-------+-------+-------++-------
  Melee: Falchion          |    42 |    94 |     7 |       |       |       |       ||   143
         Short sword       |    31 |    87 |   119 |       |       |       |       ||   237
         Dagger            |     1 |       |    61 |   293 |   720 |   716 |       ||  1791
         Scimitar          |       |       |    64 |       |       |   898 |   641 ||  1603
         Long sword        |       |       |    10 |   311 |   778 |    10 |       ||  1109
  Throw: Dart              |       |     4 |     1 |    16 |     1 |       |       ||    22
 Invoke: Light the Black T |     1 |     3 |     4 |     6 |     7 |    11 |     3 ||    35
         Hurl Torchlight   |       |       |     2 |     3 |    17 |    11 |     5 ||    38
         Recall Undead Har |       |       |       |       |     3 |     3 |     7 ||    13
         Fathomless Shackl |       |       |       |       |       |     2 |     2 ||     4
Ability: Invent Gizmo      |       |       |       |       |     1 |       |       ||     1
  Evoke: Wand              |       |       |       |     1 |    13 |     1 |       ||    15
         Phial of floods   |       |       |       |       |       |     1 |       ||     1
         Phantom mirror    |       |       |       |       |       |     1 |       ||     1
    Use: Scroll            |       |       |     8 |    12 |    11 |     6 |     1 ||    38
         Potion            |       |       |       |       |     6 |     3 |     6 ||    15
   Stab: Sleeping          |     2 |     3 |     5 |     9 |     9 |    10 |     6 ||    44
         Distracted        |       |     1 |     4 |     4 |     8 |    16 |     5 ||    38
         Petrified         |       |       |       |       |       |     3 |       ||     3
 Armour: Leather armour    |    22 |    34 |       |       |       |       |       ||    56
         Scale mail        |       |    36 |   118 |   192 |   528 |   546 |   288 ||  1708
  Dodge: Dodged            |    35 |    94 |    63 |   113 |   473 |   484 |   222 ||  1484
         Repelled          |       |       |       |       |     9 |    55 |    46 ||   110

Table legend: (Time is in decaauts)
 A = Elapsed time spent in this place.
 B = Non-inter-level travel time spent in this place.
 C = Inter-level travel time spent in this place.
 D = Time resting spent in this place.
 E = Time spent auto-exploring this place.
 F = Levels seen in this place.
 G = Mean time per level.
                   A        B        C        D        E       F      G
               +--------+--------+--------+--------+--------+-----+--------+
         Total |  42523 |  38386 |   4137 |   9762 |  20098 |  36 | 1181.2 |
       Dungeon |  14752 |  12667 |   2085 |   1952 |   7680 |  15 |  983.5 |
        Temple |     18 |     10 |      8 |      0 |      0 |   1 |   18.0 |
          Lair |   8153 |   7334 |    819 |   2034 |   3918 |   5 | 1630.6 |
         Swamp |   3758 |   3551 |    207 |    845 |   2104 |   4 |  939.5 |
     Snake Pit |   6509 |   6165 |    344 |   1822 |   3352 |   4 | 1627.2 |
  Orcish Mines |   2744 |   2361 |    383 |    470 |   1132 |   2 | 1372.0 |
   Elven Halls |   4475 |   4186 |    289 |   1366 |   1763 |   3 | 1491.7 |
      Ice Cave |   1684 |   1684 |      0 |   1170 |    142 |   1 | 1684.0 |
      Gauntlet |    425 |    425 |      0 |    102 |      5 |   1 |  425.0 |
               +--------+--------+--------+--------+--------+-----+--------+

Top non-repeatable levels by time:
 Snake:4: 2525 daAuts
   Orc:2: 2263 daAuts
     D:8: 2203 daAuts
   Elf:2: 2084 daAuts
  Lair:2: 2026 daAuts
  Lair:5: 1771 daAuts
   IceCv: 1684 daAuts
  Lair:3: 1617 daAuts
  Lair:4: 1616 daAuts
    D:14: 1589 daAuts
     D:9: 1486 daAuts
 Swamp:4: 1416 daAuts
 Snake:2: 1366 daAuts
 Snake:1: 1361 daAuts
 Snake:3: 1255 daAuts

Action                     |  1- 3 |  4- 6 |  7- 9 | 10-12 | 13-15 | 16-18 | 19-21 || total
---------------------------+-------+-------+-------+-------+-------+-------+-------++-------
  Melee: Falchion          |    42 |    94 |     7 |       |       |       |       ||   143
         Short sword       |    31 |    87 |   119 |       |       |       |       ||   237
         Dagger            |     1 |       |    61 |   293 |   720 |   716 |       ||  1791
         Scimitar          |       |       |    64 |       |       |   898 |   641 ||  1603
         Long sword        |       |       |    10 |   311 |   778 |    10 |       ||  1109
  Throw: Dart              |       |     4 |     1 |    16 |     1 |       |       ||    22
 Invoke: Light the Black T |     1 |     3 |     4 |     6 |     7 |    11 |     3 ||    35
         Hurl Torchlight   |       |       |     2 |     3 |    17 |    11 |     5 ||    38
         Recall Undead Har |       |       |       |       |     3 |     3 |     7 ||    13
         Fathomless Shackl |       |       |       |       |       |     2 |     2 ||     4
Ability: Invent Gizmo      |       |       |       |       |     1 |       |       ||     1
  Evoke: Wand              |       |       |       |     1 |    13 |     1 |       ||    15
         Phial of floods   |       |       |       |       |       |     1 |       ||     1
         Phantom mirror    |       |       |       |       |       |     1 |       ||     1
    Use: Scroll            |       |       |     8 |    12 |    11 |     6 |     1 ||    38
         Potion            |       |       |       |       |     6 |     3 |     6 ||    15
   Stab: Sleeping          |     2 |     3 |     5 |     9 |     9 |    10 |     6 ||    44
         Distracted        |       |     1 |     4 |     4 |     8 |    16 |     5 ||    38
         Petrified         |       |       |       |       |       |     3 |       ||     3
 Armour: Leather armour    |    22 |    34 |       |       |       |       |       ||    56
         Scale mail        |       |    36 |   118 |   192 |   528 |   546 |   288 ||  1708
  Dodge: Dodged            |    35 |    94 |    63 |   113 |   473 |   484 |   222 ||  1484
         Repelled          |       |       |       |       |     9 |    55 |    46 ||   110

Table legend: (Time is in decaauts)
 A = Elapsed time spent in this place.
 B = Non-inter-level travel time spent in this place.
 C = Inter-level travel time spent in this place.
 D = Time resting spent in this place.
 E = Time spent auto-exploring this place.
 F = Levels seen in this place.
 G = Mean time per level.
                   A        B        C        D        E       F      G
               +--------+--------+--------+--------+--------+-----+--------+
         Total |  42523 |  38386 |   4137 |   9762 |  20098 |  36 | 1181.2 |
       Dungeon |  14752 |  12667 |   2085 |   1952 |   7680 |  15 |  983.5 |
        Temple |     18 |     10 |      8 |      0 |      0 |   1 |   18.0 |
          Lair |   8153 |   7334 |    819 |   2034 |   3918 |   5 | 1630.6 |
         Swamp |   3758 |   3551 |    207 |    845 |   2104 |   4 |  939.5 |
     Snake Pit |   6509 |   6165 |    344 |   1822 |   3352 |   4 | 1627.2 |
  Orcish Mines |   2744 |   2361 |    383 |    470 |   1132 |   2 | 1372.0 |
   Elven Halls |   4475 |   4186 |    289 |   1366 |   1763 |   3 | 1491.7 |
      Ice Cave |   1684 |   1684 |      0 |   1170 |    142 |   1 | 1684.0 |
      Gauntlet |    425 |    425 |      0 |    102 |      5 |   1 |  425.0 |
               +--------+--------+--------+--------+--------+-----+--------+

Top non-repeatable levels by time:
 Snake:4: 2525 daAuts
   Orc:2: 2263 daAuts
     D:8: 2203 daAuts
   Elf:2: 2084 daAuts
  Lair:2: 2026 daAuts
  Lair:5: 1771 daAuts
   IceCv: 1684 daAuts
  Lair:3: 1617 daAuts
  Lair:4: 1616 daAuts
    D:14: 1589 daAuts
     D:9: 1486 daAuts
 Swamp:4: 1416 daAuts
 Snake:2: 1366 daAuts
 Snake:1: 1361 daAuts
 Snake:3: 1255 daAuts
